AoeStats
← Lünsiger Aeros.

Arena

508065311Analyzed
4v4 RM · 11d ago on Sep 20, 2026· 77m 9s· 8 players
Game mode
Random Map
Map size
Large (8 player)
Population
200
Speed
Normal
Resources
Standard
Victory
Conquest
Starting age
Dark Age
Ending age
Imperial Age
RankedLock teamsTeams togetherTeam positionsShared explorationLock speedFull tech treeHidden civsTurbo modeCheats
Victory
Defeat
🇩🇪 Huns · Germany
1062
+15
🇪🇸 Spanish · Spain
1057
+15
🇸🇰 Britons · Slovakia
1049
+15
🇹🇷 Magyars · Türkiye
1039
+16
🇬🇧 Burgundians · United Kingdom
1120
-18
🇨🇱 Mongols · Chile
1042
-16
🇩🇪 Turks · Germany
998
-14
🇬🇧 Malay · United Kingdom
984
-13
Kebab do ruky
11:57 Feudal Age
17:21 Castle Age
16:46 Double-Bit Axe
18:25 Horse Collar
20:54 Wheelbarrow
24:38 Fletching
25:52 Heavy Plow
27:00 Bodkin Arrow
31:42 Imperial Age
30:00 Ballistics
31:13 Bow Saw
31:09 Padded Archer Armor
31:08 Murder Holes
31:45 Scale Mail Armor
32:04 Hand Cart
32:13 Forging
31:53 Pikeman
32:41 Halberdier
34:12 Yeomen
34:23 Bracer
35:54 Iron Casting
35:36 Chain Mail Armor
35:40 Siege Engineers
36:48 Two-Man Saw
37:46 Blast Furnace
37:33 Conscription
39:20 Chemistry
38:26 Elite Longbowman
39:54 Leather Archer Armor
40:10 Plate Mail Armor
40:57 Loom
40:57 Town Watch
41:37 Warwolf
42:11 Ring Archer Armor
43:54 Caravan
44:02 Scale Barding Armor
46:20 Treadmill Crane
46:50 Masonry
48:31 Squires
48:17 Arson
50:36 Chain Barding Armor
52:49 Architecture
52:30 Fortified Wall
52:11 Guard Tower
55:06 Cavalier
55:47 Husbandry
55:08 Light Cavalry
60:58 Hoardings
62:35 Capped Ram
65:57 Sappers
67:19 Plate Barding Armor
66:36 Arrowslits
66:43 Heated Shot
69:34 Spies/Treason
72:06 Coinage
71:46 Guilds
74:33 Heavy Scorpion
74:34 Onager
Zortopos
1:51 Loom
4:45 Loom
10:00 Feudal Age
10:36 Double-Bit Axe
17:12 Castle Age
15:46 Horse Collar
19:48 Loom
21:33 Bow Saw
21:47 Town Watch
21:54 Fletching
23:28 Pikeman
26:18 Thumb Ring
26:56 Masonry
28:17 Wheelbarrow
27:55 Corvinian Army
30:36 Husbandry
34:00 Bloodlines
36:56 Imperial Age
35:52 Hand Cart
37:38 Ballistics
37:13 Murder Holes
36:59 Treadmill Crane
38:09 Halberdier
39:19 Parthian Tactics
40:41 Two-Man Saw
tortodde
8:09 Loom
10:19 Feudal Age
11:27 Double-Bit Axe
11:25 Horse Collar
17:24 Castle Age
18:23 Bow Saw
19:44 Heavy Plow
22:19 Gold Mining
24:05 Gold Shaft Mining
29:14 Scale Barding Armor
29:09 Scale Mail Armor
29:19 Forging
30:42 Wheelbarrow
29:54 Town Watch
32:50 Imperial Age
30:25 Husbandry
30:35 Bloodlines
31:03 Chain Barding Armor
31:22 Marauders
32:05 Iron Casting
31:50 Hand Cart
31:42 Town Patrol
34:34 Two-Man Saw
33:59 Conscription
34:28 Plate Barding Armor
34:54 Blast Furnace
33:44 Elite Tarkan
37:12 Chain Mail Armor
41:45 Padded Archer Armor
41:35 Fletching
42:30 Elite Skirmisher
44:39 Ballistics
44:36 Leather Archer Armor
44:16 Bodkin Arrow
47:19 Bracer
51:23 Chemistry
56:41 Pikeman
57:21 Squires
57:07 Arson
59:44 Halberdier
71:54 Spies/Treason
garmorata
9:36 Feudal Age
9:57 Horse Collar
10:04 Double-Bit Axe
17:42 Castle Age
15:56 Stone Mining
16:33 Loom
21:34 Fletching
21:56 Forging
21:51 Scale Barding Armor
26:23 Heavy Plow
30:29 Imperial Age
28:54 Gold Mining
29:16 Bow Saw
32:27 Two-Man Saw
32:07 Wheelbarrow
31:19 Town Watch
32:30 Padded Archer Armor
32:26 Bodkin Arrow
34:27 Ballistics
35:10 Chemistry
34:30 Elite Skirmisher
35:51 Iron Casting
35:34 Leather Archer Armor
39:36 Bracer
40:07 Ring Archer Armor
42:23 Pikeman
43:04 Squires
42:49 Arson
42:50 Gambesons
43:09 Scale Mail Armor
44:10 Blast Furnace
43:12 Halberdier
46:42 Hand Cart
51:32 Chain Mail Armor
71:12 Spies/Treason
75:02 Thumb Ring
75:56 Bombard Tower
75:47 Masonry
Lothar of the Hill People
11:53 Feudal Age
10:16 Double-Bit Axe
10:14 Horse Collar
11:47 Wheelbarrow
16:36 Castle Age
15:40 Bow Saw
15:44 Heavy Plow
19:07 Fervor
28:37 Imperial Age
26:45 Hand Cart
27:14 Husbandry
28:22 Burgundian Vineyards
28:46 Scale Barding Armor
28:51 Forging
28:42 Cavalier
30:41 Chain Barding Armor
30:20 Gold Mining
30:48 Paladin
33:08 Chemistry
34:02 Plate Barding Armor
34:03 Iron Casting
33:53 Conscription
42:32 Blast Furnace
41:33 Padded Archer Armor
44:14 Leather Archer Armor
46:59 Fortified Wall
49:49 Elite Skirmisher
51:30 Fletching
Shakespeare
10:03 Feudal Age
10:29 Wheelbarrow
9:44 Double-Bit Axe
9:59 Horse Collar
14:44 Loom
18:37 Castle Age
18:32 Hand Cart
19:03 Bow Saw
36:06 Imperial Age
36:47 Chemistry
36:05 Heavy Plow
37:48 Pikeman
60:26 Crop Rotation
canaed
11:00 Feudal Age
11:43 Loom
15:33 Castle Age
14:32 Double-Bit Axe
16:51 Horse Collar
18:13 Stone Mining
18:29 Heavy Plow
22:29 Gold Mining
24:05 Bow Saw
25:24 Fletching
27:07 Gold Shaft Mining
27:03 Bodkin Arrow
29:55 Padded Archer Armor
33:47 Imperial Age
31:54 Wheelbarrow
31:06 Town Watch
31:49 Bloodlines
31:01 Light Cavalry
31:42 Husbandry
32:48 Ballistics
32:56 Leather Archer Armor
33:50 Elite Mangudai
34:52 Conscription
36:11 Chemistry
35:46 Drill
36:26 Bracer
35:51 Heavy Camel Rider
37:07 Scale Barding Armor
37:13 Forging
36:38 Capped Ram
38:33 Chain Barding Armor
39:04 Siege Ram
50:38 Hand Cart
51:05 Fortified Wall
50:51 Murder Holes
50:46 Hussar
61:55 Iron Casting
Lünsiger Aeros.
11:50 Feudal Age
12:29 Double-Bit Axe
12:27 Horse Collar
19:10 Castle Age
19:36 Wheelbarrow
20:56 Fletching
22:33 Fervor
29:54 Imperial Age
30:26 Bodkin Arrow
31:57 Artillery
35:53 Bracer
35:54 Padded Archer Armor
36:05 Forging
35:57 Scale Mail Armor
37:36 Bombard Tower
38:47 Fortified Wall
38:46 Murder Holes
42:54 Bloodlines
51:14 Loom
59:36 Scale Barding Armor
Connection lost

Rejoining the realm…

Still unreachable

The connection could not be restored.

Session expired

The server has moved on; the page needs a fresh start.